 Dungeon Crawl Stone Soup version 0.32-a0-931-g5a2cda0630 (webtiles) character file.

Game seed: 14899748457001413090

62 LukeNinja the Trooper (level 3, -6/33 HPs)
             Began as a Mountain Dwarf Fighter on Apr 13, 2024.
             Killed by nerve-wracking pain
             ... invoked by an orc priest
              (11 damage)
             ... on level 2 of the Dungeon.
             The game lasted 00:04:53 (1059 turns).

LukeNinja the Trooper (Mountain Dwarf Fighter)      Turns: 1059, Time: 00:04:54

Health: -6/33      AC:  8    Str: 20    XL:     3   Next: 85%
Magic:  3/3        EV:  8    Int:  8    God:
Gold:   185        SH:  4    Dex:  9    Spells: 2/2 levels left

rFire   . . .        a - +0 war axe
rCold   . . .        c - +0 buckler
rNeg    . . .        b - +0 scale mail
rPois   .            (no helmet)
rElec   .            l - +0 cloak
rCorr   .            (no gloves)
SInv    .            (no boots)
Will    .....        (no amulet) Stlth
                     (no ring)
HPRegen 0.25/turn    (no ring)
MPRegen 0.08/turn

%: no passive effects
@: no status effects
A: runic magic, artefact enchanting
a: Convert to Beogh


You were on level 2 of the Dungeon.
You visited 1 branch of the dungeon, and saw 2 of its levels.

You collected 185 gold pieces.

Inventory:

Hand Weapons
 a - a +0 war axe (weapon)
 k - a +2 quarterstaff of chaos
Armour
 b - a +0 scale mail (worn)
 c - a +0 buckler (worn)
 l - a +0 cloak (worn)
Potions
 d - a potion of might
 e - a potion of heal wounds {unknown}
 f - a potion of brilliance {unknown}
 h - a potion of resistance {unknown}
 i - a potion of enlightenment {unknown}
 j - 2 potions of curing {unknown}


   Skills:
 + Level 4.0 Fighting
 + Level 3.3 Axes
 + Level 3.9 Armour
 + Level 3.6 Shields


You had 2 spell levels left.
You didn't know any spells.
Your spell library contained the following spells:

 Spells                   Type           Power      Damage    Failure   Level
 Sublimation of Blood     Necr           0%         N/A       71%         2
 Petrify                  Alch/Erth      0%         N/A       100%        4
 Irradiate                Conj/Alch      0%         3d11      100%        5


Dungeon Overview and Level Annotations

Branches:
Dungeon (2/15)

Altars:
Nemelex Xobeh

Shops:
D:2 (


Innate Abilities, Weirdness & Mutations

Your spellcasting is much less encumbered by armour.
You can use scrolls of enchantment on lesser artefacts.


Message History

A kobold comes into view. It is wielding a +0 club.
The kobold shouts!
You hear a shout!
An orc comes into view. It is wielding a +0 hand axe.
You see here a fizzy ruby potion.
There are monsters nearby!
The orc priest mumbles some strange prayers to Beogh against you.
Pain shoots through your body!
An orc comes into view. It is wielding a +0 club.
The kobold throws a stone.
The stone hits you but does no damage.
The kobold throws a stone.
The stone hits you but does no damage.
The orc priest miscasts a cantrip.
The kobold throws a stone.
The stone hits you but does no damage.
You start resting.
An orc priest is nearby!
You barely miss the orc priest.
The orc priest hits you but does no damage.
You hit the orc priest.
The orc priest is moderately wounded.
The orc priest invokes the aid of Beogh against you.
Beogh smites you!
The orc priest shouts, "Surrender to Beogh and we'll let you live!" (press Y on the ability menu to convert to Beogh)
The orc priest shouts, "Surrender to Beogh and we'll let you live!"
You hit the orc priest but do no damage.
The orc priest is moderately wounded.
The orc priest hits you but does no damage.
You closely miss the orc priest.
The orc priest is moderately wounded.
You closely miss the orc.
The orc priest shouts, "Surrender to Beogh and we'll let you live!"
The orc priest invokes the aid of Beogh against you.
Beogh smites you!
* * * LOW HITPOINT WARNING * * *
The orc hits you but does no damage.
You slash the orc priest!
The orc priest is almost dead.
You closely miss the orc.
The orc priest invokes the aid of Beogh against you.
Pain shoots through your body!
You die...

.###.<...#.#.##.###
#........#.#.##.# #
#.#..###.#.#.##.#
............#.##.#
#######.###....##.#
#.........###))##.#
###.##............#.#
#............####.#.#
#.#.#o@###.#........#
#o###'.#..####.## #K#
##≈#..# #.## # #o#
#≈#..####..# #. #.#
#≈#......>.### #
#.######.#
+.#...###....#
....#..K.....#
#.#...###.##..
#....o.#####
#.............
#............
.....###....


You could see an orc priest, 2 orcs and a kobold.

Vanquished Creatures
  Crazy Yiuf (D:2)
  2 ball pythons
  4 endoplasms
  3 giant cockroaches
  3 goblins
  3 hobgoblins (D:1)
  2 kobolds
  A quokka (D:2)
  4 bats (D:1)
  2 frilled lizards
  2 rats
27 creatures vanquished.

Notes
Turn   | Place    | Note
-------+----------+-------------------------------------------
     0 | D:1      | LukeNinja the Mountain Dwarf Fighter began the quest for
                  | the Orb.
     0 | D:1      | Reached XP level 1. HP: 19/19 MP: 1/1
   150 | D:1      | Reached XP level 2. HP: 23/26 MP: 2/2
   751 | D:2      | Found Plog's Weapon Boutique.
   811 | D:2      | Found a runed translucent door.
   812 | D:2      | Noticed Crazy Yiuf
   819 | D:2      | Killed Crazy Yiuf
   820 | D:2      | Reached skill level 4 in Fighting
   820 | D:2      | Reached XP level 3. HP: 27/33 MP: 3/3
  1036 | D:2      | Found a sparkling altar of Nemelex Xobeh.
  1059 | D:2      | Killed from afar by an orc priest

Illustrated notes

Levels and vault maps discovered:
D:1:      dpeg_arrival_castle, layout_rooms
D:2:      layout_basic, serial_shops, nicolae_shop_bloodbath_and_beyond,
          dilly_ecumenical_altar_fadedgnrine, basic_altar,
          amcnicky_mini_rare_corridor_liquid, serial_park_tiny_2,
          hangedman_glass_teeth, corexii_corridor_pit, uniq_crazy_yiuf_cottage

Skill      XL: |  1  2 |
---------------+-------+-----
Fighting       | 4 |  4.0
Axes           | 3 |  3.3
Armour         | |  3.9
Shields        | |  3.6

Action                     || total
---------------------------++-------
  Melee: War axe           ||    81
    Use: Scroll            ||     2
 Armour: Scale mail        ||    78
  Dodge: Dodged            ||    43
  Block: Buckler           ||    19

Table legend: (Time is in decaauts)
 A = Elapsed time spent in this place.
 B = Non-inter-level travel time spent in this place.
 C = Inter-level travel time spent in this place.
 D = Time resting spent in this place.
 E = Time spent auto-exploring this place.
 F = Levels seen in this place.
 G = Mean time per level.
                   A        B        C        D        E       F      G
               +--------+--------+--------+--------+--------+-----+--------+
         Total |   1094 |   1094 |      0 |    203 |    251 |   2 |  547.0 |
       Dungeon |   1094 |   1094 |      0 |    203 |    251 |   2 |  547.0 |
               +--------+--------+--------+--------+--------+-----+--------+

Top non-repeatable levels by time:
     D:2: 599 daAuts
     D:1: 495 daAuts
